 Dungeon Crawl Stone Soup version 0.16.0-5-g717f7e7 (console) character file.

121740 gw the Severer (level 16, -1/146 HPs)
             Began as a Minotaur Fighter on Mar 15, 2015.
             Was an Elder of Okawaru.
             Killed from afar by a starcursed mass (6 damage)
             ... with an accursed screaming
             ... on level 1 of the Abyss.
             The game lasted 00:40:55 (33869 turns).

gw the Severer (Minotaur Fighter)                  Turns: 33869, Time: 00:40:55

Health: -1/146     AC: 29    Str: 21    XL:     16   Next: 33%
Magic:  27/27      EV: 10    Int:  8    God:    Okawaru [****..]
Gold:   1857       SH: 16    Dex: 17    Spells: 0 memorised, 15 levels left

rFire  . . .     SeeInvis .     b - +6 broad axe
rCold  + . .     Clarity  .     w - +0 plate armour
rNeg   + . .     SustAb   .     z - +1 shield {rC+}
rPois  .         Gourm    .     l - +1 hat {Int+3}
rElec  .         Spirit   .     h - +0 cloak
rCorr  .         Warding  +     A - +2 pair of gloves
rMut   .         Stasis   .     t - +2 pair of boots {Stlth+}
MR     +....                    v - amulet of warding
Stlth  ..........               (no ring)
                                (no ring)

@: heroism, somewhat resistant to hostile enchantments, extremely unstealthy
A: retaliatory headbutt, horns 2, breathe flames 1, forlorn
a: Heroism, Renounce Religion, Breathe Fire


You were on level 1 of the Abyss.
You worshipped Okawaru.
Okawaru was greatly pleased with you.
You were not hungry.

You visited 3 branches of the dungeon, and saw 21 of its levels.
You visited the Abyss 1 time.

You collected 1857 gold pieces.

Inventory:

Hand weapons
 b - a +6 broad axe (weapon)
Missiles
 f - 79 poisoned needles
 i - 518 stones (quivered)
 F - 7 curare-tipped needles
 N - 3 needles of paralysis
Armour
 h - a +0 cloak (worn)
 l - a +1 hat of intelligence (worn)
 t - a +2 pair of boots of stealth (worn)
 w - a +0 plate armour (worn)
 z - a +1 shield of cold resistance (worn)
 A - a +2 pair of gloves (worn)
Jewellery
 v - an amulet of warding (around neck)
Magical devices
 c - a wand of paralysis (9)
 g - a wand of enslavement (12)
 j - a wand of teleportation (0)
 C - a wand of flame (0)
 D - a wand of digging (19)
 J - a wand of magic darts (4)
 L - a wand of magic darts (16)
Scrolls
 e - 8 scrolls of remove curse
 y - 11 scrolls of identify
 B - 2 scrolls of recharging
Potions
 n - 5 potions of restore abilities
 p - 6 potions of curing
Comestibles
 d - a bread ration
 k - 8 meat rations
 o - 2 slices of pizza
 q - 11 royal jellies
 s - 11 beef jerkies
 G - 12 fruits


   Skills:
 + Level 14.3(19.3) Fighting
 * Level 18.6(23.6) Axes
 + Level 11.5(16.5) Throwing
 + Level 14.1(19.1) Armour
 - Level 12.2(17.2) Shields
 + Level 11.1 Invocations


You had 15 spell levels left.
You didn't know any spells.

Dungeon Overview and Level Annotations

Branches:
Dungeon (12/15)            Temple (1/1) D:5            Lair (8/8) D:8
 Shoals (0/5) Lair:5        Snake (0/5) Lair:3        Slime (0/6) Lair:7
    Orc (0/4) D:11

Altars:
Ashenzari
Cheibriados
Dithmenos
Elyvilon
Fedhas
Gozag
Kikubaaqudgha
Makhleb
Nemelex Xobeh
Okawaru
Qazlal
Ru
Sif Muna
Trog
Vehumet
Xom
Yredelemnul
Zin
The Shining One
Jiyva

Shops:
D:5 *   D:9 ?   D:11 *

Annotations:
D:5 exclusion: 2 downstairs
D:7 exclusion: 2 downstairs
D:9 exclusion: downstairs
D:12 Sonja
Lair:6 exclusion: downstairs
Lair:7 1 runed door


Innate Abilities, Weirdness & Mutations

You reflexively headbutt those who attack you in melee.
You have a pair of horns on your head.
You can breathe flames.
You have difficulty communicating with the divine.


Message History

Unknown command.
Unknown command.
ATTACK MOVE TO (-1,-1)
You slice the small abomination!!!
You destroy the small abomination!
Okawaru accepts your kill.
You hit the starcursed mass.
The starcursed mass is lightly damaged.
The starcursed mass shudders and is absorbed by its neighbour.
You slash the siren!!
The siren is almost dead.
You hit the starcursed mass but do no damage.
The starcursed mass is moderately damaged.
You hit the neqoxec.
You kill the neqoxec!
Okawaru accepts your kill.
The quasit disappears in a puff of smoke!
The worldbinder calls forth creatures from the Shoals!
A chorus of shrieks assaults your mind.
You die...

#.# #..#.X. #( #. #
# ..# . # ## ... #.
.( # ###....#. .# #
# #.. ....# # .
..##.## ###..#..##
.# # #.
....####.X#.#..#
#...# #...3.ยค#..#
###.# ####
#..#..%..H# #...
#.#....#H#Xm..# #.
.
#..#.#.#x#.##.....#
#...#...# ## ###
#.#..#.# ## #
.#.#.. .#. #. .#


You could see 2 starcursed masses, a manticore, a siren, a worldbinder and a
smoke demon.

Table legend:
 A = Turns spent in this place as a percentage of turns spent in the entire game.
 B = Non-inter-level travel turns spent in this place as a percentage of non-inter-level travel turns spent in the entire game.
 C = Inter-level travel turns spent in this place as a percentage of turns spent in this place.
 D = Turns resting spent in this place as a percentage of non-inter-level travel turns spent in this place.
 E = Turns spent auto-exploring this place as a percentage of non-inter-level travel turns spent in this place.
 F = Non-inter-level travel turns spent in this place divided by the number of levels of this place that you've seen.
                   A       B       C       D       E      F
               +-------+-------+-------+-------+-------+----------------------
         Total | 100.0 | 100.0 |   0.5 |   1.2 |   2.0 | 2288.3
       Dungeon |  58.0 |  58.1 |   0.5 |   1.0 |   2.1 | 2435.7
        Temple |   0.5 |   0.5 |   0.8 |   0.0 |   4.0 | 247.0
          Lair |  33.7 |  33.6 |   0.7 |   0.8 |   2.2 | 2114.6
         Abyss |   7.8 |   7.8 |   0.0 |   4.1 |   0.2 | 3950.0
               +-------+-------+-------+-------+-------+----------------------

Table legend:
 A = Kills in this place as a percentage of kills in entire the game.
 B = Kills by you in this place as a percentage of kills by you in the entire game.
 C = Kills by friends in this place as a percentage of kills by friends in the entire game.
 D = Other kills in this place as a percentage of other kills in the entire game.
 E = Experience gained in this place as a percentage of experience gained in the entire game.
 F = Experience gained in this place divided by the number of levels of this place that you have seen.
                   A       B       C       D       E      F
               +-------+-------+-------+-------+-------+----------------------
         Total | 100.0 | 100.0 |  -nan |  -nan | 100.0 | 7905.2
       Dungeon |  47.1 |  47.1 |  -nan |  -nan |  17.0 | 2456.8
          Lair |  40.6 |  40.6 |  -nan |  -nan |  46.5 | 10114.2
         Abyss |  12.3 |  12.3 |  -nan |  -nan |  36.5 | 63520.0
               +-------+-------+-------+-------+-------+----------------------

Vanquished Creatures
  An ancient lich (Abyss:1)
  A tentacled monstrosity (Abyss:1)
  A lich (Abyss:1)
  6 tentacled starspawn (Abyss:1)
  An Executioner (Abyss:1)
  Rupert (Lair:3)
  A balrug (Abyss:1)
  Maud (Lair:5)
  Gastronok (D:10)
  A ghoul (Abyss:1)
  A black draconian (Abyss:1)
  Josephine (D:11)
  An ice dragon (Lair:6)
  Harold (Lair:3)
  6 hydras
  Nessos (D:11)
  A centaur warrior (D:9)
  Erica (D:10)
  A death knight (Abyss:1)
  The ghost of gw the Lightning Rod, an experienced DsMo of Qazlal (D:8)
  A thrashing horror (Abyss:1)
  9 death yaks
  2 soul eaters (Abyss:1)
  Erolcha (D:11)
  2 wretched stars (Abyss:1)
  2 sun demons (Abyss:1)
  A shadow demon (Abyss:1)
  A skeletal warrior (Abyss:1)
  A spatial maelstrom (Abyss:1)
  A hill giant (D:10)
  An ice statue (Lair:1)
  A phantasmal warrior (Abyss:1)
  The ghost of talyn the Spear-Bearer, an experienced MfGl (D:6)
  A sixfirhy (Abyss:1)
  7 large abominations (Abyss:1)
  A manticore (D:10)
  A worldbinder (Abyss:1)
  11 black mambas
  A mana viper (Abyss:1)
  3 apocalypse crabs (Abyss:1)
  13 elephants
  Maurice (D:10)
  A siren (Lair:5)
  4 smoke demons (Abyss:1)
  17 spiny frogs
  A rust devil (Abyss:1)
  A molten gargoyle (Lair:5)
  2 orange demons (Abyss:1)
  A hellion (Abyss:1)
  A torpor snail (Lair:4)
  Psyche (D:11)
  3 centaur skeletons
  3 ancient zymes (Abyss:1)
  9 komodo dragons
  A spriggan druid (Lair:8)
  A red devil (Abyss:1)
  4 trolls
  A freezing wraith (Lair:1)
  A silent spectre (Abyss:1)
  A fire drake (Lair:4)
  A merfolk (D:10)
  Prince Ribbit (D:9)
  10 polar bears
  4 raiju (Abyss:1)
  2 ynoxinuls (Abyss:1)
  6 flying skulls (Abyss:1)
  A two-headed ogre (D:10)
  3 basilisks
  11 blink frogs
  10 redbacks (Lair:8)
  10 spriggans (Lair:8)
  4 wyverns
  5 wraiths
  A vampire (Abyss:1)
  A fire elemental (Lair:5)
  49 yaks
  A shadow (D:10)
  3 chaos spawn (Abyss:1)
  16 hippogriffs
  A hungry ghost (D:11)
  2 hogs
  5 neqoxecs (Abyss:1)
  A putrid demonspawn zombie (Abyss:1)
  A naga (Abyss:1)
  A soldier ant (D:8)
  25 wolves
  5 spatial vortices (Abyss:1)
  6 insubstantial wisps (Abyss:1)
  17 water moccasins
  6 wasps
  18 ice beasts
  A spider (D:8)
  9 orc warriors
  14 porcupines
  4 ogres
  11 black bears
  2 sky beasts
  11 centaurs
  17 crocodiles
  17 small abominations (Abyss:1)
  5 big kobolds
  Blork the orc (D:9)
  A brain worm (Abyss:1)
  19 giant frogs
  3 gnoll sergeants (D:10)
  4 killer bees
  A jelly (D:5)
  10 scorpions
  6 crimson imps
  A lava snake (Lair:5)
  2 centaur zombies
  8 electric eels
  2 goliath beetles
  10 hounds
  6 quasits
  3 starcursed masses (Abyss:1)
  A giant frog zombie (D:12)
  2 iron imps (Abyss:1)
  3 giant frog skeletons
  Crazy Yiuf (D:5)
  13 orc priests
  2 gnoll shamans (D:10)
  11 iguanas
  16 orc wizards
  A hell rat (D:8)
  9 worker ants
  10 sheep
  Ijyb (D:3)
  A hound skeleton (D:9)
  A worker ant zombie (D:5)
  Robin (D:3)
  10 gnolls
  25 adders
  52 river rats
  2 shadow imps
  4 giant mites
  9 white imps
  4 worms (D:3)
  3 ufetubi (Abyss:1)
  An adder zombie (D:10)
  2 adder skeletons
  8 giant geckos
  68 orcs
  8 giant cockroaches
  12 goblins
  22 hobgoblins
  6 jackals
  33 kobolds
  17 quokkas
  5 ball pythons
  10 bats
  A giant gecko skeleton (D:4)
  5 giant newts
  2 giant spores
  A jackal zombie (D:5)
  A lurking horror (Abyss:1)
  A quokka skeleton (D:9)
  14 rats
  27 ballistomycetes
  10 fungi
  8 plants
  12 starspawn tentacles (Abyss:1)
997 creatures vanquished.

Vanquished Creatures (others)
  A necrophage (D:10)
  An electric eel (D:10)
  An adder (D:6)
  A giant gecko (D:6)
  6 giant spores
  A ballistomycete (D:9)
  A bush (D:10)
  2 fungi (Lair:4)
  6 plants (D:10)
  8 starspawn tentacles (Abyss:1)
  99 starspawn tentacle segments (Abyss:1)
127 creatures vanquished.

Grand Total: 1124 creatures vanquished

Notes
Turn   | Place    | Note
--------------------------------------------------------------
     0 | D:1      | gw, the Minotaur Fighter, began the quest for the Orb.
     0 | D:1      | Reached XP level 1. HP: 19/19 MP: 1/1
   395 | D:1      | Reached XP level 2. HP: 27/27 MP: 1/1
  1446 | D:2      | Reached skill level 4 in Shields
  1481 | D:2      | Reached XP level 3. HP: 19/33 MP: 2/2
  1760 | D:2      | Found a shadowy altar of Dithmenos.
  2183 | D:3      | Reached XP level 4. HP: 25/40 MP: 2/2
  2534 | D:3      | Noticed Ijyb
  2541 | D:3      | Killed Ijyb
  2541 | D:3      | Reached skill level 1 in Throwing
  2980 | D:3      | Found a glowing silver altar of Zin.
  2980 | D:3      | Found an opulent altar of Gozag.
  3010 | D:3      | Found a burning altar of Makhleb.
  3026 | D:3      | Reached XP level 5. HP: 36/47 MP: 2/2
  3068 | D:3      | Noticed Robin
  3070 | D:3      | Killed Robin
  4082 | D:4      | Reached skill level 5 in Axes
  4082 | D:4      | Reached XP level 6. HP: 53/53 MP: 3/3
  4108 | D:4      | Noticed an ogre
  4224 | D:4      | Reached skill level 5 in Fighting
  4523 | D:4      | Killed an ogre
  4523 | D:4      | Reached skill level 5 in Armour
  4523 | D:4      | Reached skill level 5 in Shields
  4523 | D:4      | Reached XP level 7. HP: 61/61 MP: 3/3
  4717 | D:4      | Reached skill level 6 in Axes
  5521 | D:4      | Found a sacrificial altar of Ru.
  5522 | D:4      | Found a shattered altar of Ashenzari.
  5759 | D:4      | Found a deep blue altar of Sif Muna.
  6352 | D:5      | Entered Level 5 of the Dungeon
  6756 | D:5      | Found Sausm's Elemental Accessories.
  6872 | D:5      | Found a staircase to the Ecumenical Temple.
  6913 | Temple   | Entered the Ecumenical Temple
  6945 | Temple   | Became a worshipper of Warmaster Okawaru
  7073 | D:5      | Reached skill level 7 in Axes
  7174 | D:5      | Reached XP level 8. HP: 68/70 MP: 3/3
  7260 | D:5      | Noticed Crazy Yiuf
  7271 | D:5      | Killed Crazy Yiuf
  7459 | D:5      | Found a sparkling altar of Nemelex Xobeh.
  7807 | D:6      | Noticed talyn's ghost (experienced MfGl)
  7987 | D:6      | Reached skill level 1 in Invocations
  8203 | D:6      | Killed talyn's ghost
  8203 | D:6      | Acquired Okawaru's first power
  8203 | D:6      | Reached skill level 8 in Axes
  8579 | D:6      | Found an ancient bone altar of Kikubaaqudgha.
  8580 | D:6      | Found a blossoming altar of Fedhas.
  9587 | D:7      | Reached XP level 9. HP: 78/78 MP: 7/7
  9829 | D:7      | Found a bloodstained altar of Trog.
 10597 | D:8      | Found a staircase to the Lair.
 10835 | D:8      | Noticed gw's ghost (experienced DsMo)
 10872 | D:8      | Killed gw's ghost
 10872 | D:8      | Reached skill level 9 in Axes
 11017 | D:8      | Reached skill level 5 in Throwing
 11373 | D:8      | Reached skill level 10 in Axes
 11376 | D:8      | Reached XP level 10. HP: 86/86 MP: 11/11
 11839 | D:8      | Found a glowing golden altar of the Shining One.
 12079 | D:9      | Noticed Blork the orc
 12085 | D:9      | Killed Blork the orc
 12266 | D:9      | Found a blossoming altar of Fedhas.
 12313 | D:9      | Noticed Prince Ribbit
 12350 | D:9      | Killed Prince Ribbit
 12608 | D:9      | Found Steul's Magic Scroll Boutique.
 12629 | D:9      | Noticed a centaur warrior
 12643 | D:9      | Killed a centaur warrior
 12643 | D:9      | Reached skill level 11 in Axes
 12643 | D:9      | Reached skill level 5 in Invocations
 12755 | D:9      | Received a gift from Okawaru
 13032 | D:10     | Entered Level 10 of the Dungeon
 13641 | D:10     | Reached XP level 11. HP: 62/95 MP: 14/14
 13801 | D:10     | Found a burning altar of Makhleb.
 13872 | D:10     | Noticed Gastronok
 13893 | D:10     | Killed Gastronok
 14367 | D:10     | Reached skill level 12 in Axes
 15293 | D:10     | Noticed Erica
 15304 | D:10     | Killed Erica
 15304 | D:10     | Acquired Okawaru's second power
 15327 | D:10     | Noticed a hill giant
 15352 | D:10     | Killed a hill giant
 15365 | D:10     | HP: 2/97 [hog (6)]
 15372 | D:9      | HP: 2/97 [hog (2)]
 15931 | D:10     | Noticed Maurice
 15961 | D:10     | Killed Maurice
 16271 | D:10     | Noticed a manticore
 16283 | D:10     | Killed a manticore
 16658 | D:10     | Received a gift from Okawaru
 17135 | D:11     | Noticed Erolcha
 17141 | D:11     | Killed Erolcha
 17141 | D:11     | Reached skill level 13 in Axes
 17291 | D:11     | Noticed Psyche
 17296 | D:11     | Killed Psyche
 17296 | D:11     | Received a gift from Okawaru
 17296 | D:11     | Reached XP level 12. HP: 93/106 MP: 18/18
 17346 | D:11     | Noticed Nessos
 17376 | D:11     | Killed Nessos
 17990 | D:11     | Found a staircase to the Orcish Mines.
 18092 | D:11     | Reached skill level 10 in Fighting
 18320 | D:11     | Found Ghufania's General Store.
 18672 | D:11     | Noticed Josephine
 18681 | D:11     | Killed Josephine
 18681 | D:11     | Received a gift from Okawaru
 18681 | D:11     | Reached skill level 10 in Armour
 18704 | D:11     | Reached skill level 10 in Shields
 19526 | D:11     | Gained mutation: You can breathe flames. [potion of mutation]
 19526 | D:11     | Gained mutation: You can spit poison. [potion of mutation]
 19526 | D:11     | Lost mutation: You can spit poison. [potion of mutation]
 19669 | Lair:1   | Entered Level 1 of the Lair of Beasts
 20127 | Lair:1   | Noticed a five-headed hydra
 20144 | Lair:1   | Killed a seven-headed hydra
 20445 | Lair:1   | Reached skill level 14 in Axes
 21225 | Lair:2   | Reached XP level 13. HP: 110/115 MP: 19/21
 22302 | Lair:3   | Received a gift from Okawaru
 22402 | Lair:3   | Noticed Rupert
 22419 | Lair:3   | Killed Rupert
 22419 | Lair:3   | Received a gift from Okawaru
 22447 | Lair:3   | Found a staircase to the Snake Pit.
 22894 | Lair:3   | Reached skill level 15 in Axes
 23213 | Lair:3   | Noticed Harold
 23222 | Lair:3   | Killed Harold
 23426 | Lair:3   | Received a gift from Okawaru
 24164 | Lair:4   | Received a gift from Okawaru
 24944 | Lair:5   | Received a gift from Okawaru
 25191 | Lair:5   | Noticed Maud
 25195 | Lair:5   | Received a gift from Okawaru
 25209 | Lair:5   | Killed Maud
 25209 | Lair:5   | Reached XP level 14. HP: 91/125 MP: 16/23
 25794 | Lair:5   | Found a radiant altar of Vehumet.
 25963 | Lair:5   | Found a staircase to the Shoals.
 26632 | Lair:6   | Received a gift from Okawaru
 27546 | Lair:6   | Reached skill level 16 in Axes
 28259 | Lair:7   | Found a runed door.
 28259 | Lair:7   | Found a viscous altar of Jiyva.
 28259 | Lair:7   | Found a staircase to the Slime Pits.
 28259 | Lair:7   | Noticed an acid blob
 28407 | Lair:7   | Reached skill level 10 in Throwing
 28436 | Lair:7   | Received a gift from Okawaru
 29069 | Lair:7   | Received a gift from Okawaru
 29269 | Lair:8   | Entered Level 8 of the Lair of Beasts
 29760 | Lair:8   | Received a gift from Okawaru
 30021 | Lair:8   | Reached skill level 10 in Invocations
 30270 | Lair:8   | Reached XP level 15. HP: 129/134 MP: 22/25
 30376 | Lair:8   | Reached skill level 17 in Axes
 31158 | D:12     | Noticed Sonja
 31495 | D:12     | Cast into the Abyss (Sonja)
 31768 | Abyss:1  | Noticed a tentacled starspawn
 31777 | Abyss:1  | Killed a tentacled starspawn
 31827 | Abyss:1  | Noticed a lich
 31834 | Abyss:1  | Killed a lich
 32021 | Abyss:1  | Gained mutation: You have difficulty communicating with the divine. [a neqoxec]
 32570 | Abyss:1  | Received a gift from Okawaru
 32708 | Abyss:1  | Noticed a tentacled starspawn
 32717 | Abyss:1  | Killed a tentacled starspawn
 33010 | Abyss:1  | Noticed an Executioner
 33024 | Abyss:1  | Killed an Executioner
 33075 | Abyss:1  | Noticed a tentacled starspawn
 33083 | Abyss:1  | Killed a tentacled starspawn
 33227 | Abyss:1  | Noticed a tentacled starspawn
 33236 | Abyss:1  | Killed a tentacled starspawn
 33236 | Abyss:1  | Reached skill level 18 in Axes
 33438 | Abyss:1  | Noticed a tentacled monstrosity
 33447 | Abyss:1  | Killed a tentacled monstrosity
 33633 | Abyss:1  | Reached XP level 16. HP: 121/146 MP: 26/26
 33665 | Abyss:1  | Noticed an ancient lich
 33683 | Abyss:1  | Killed an ancient lich
 33853 | Abyss:1  | Noticed a tentacled starspawn
 33853 | Abyss:1  | Noticed a tentacled starspawn
 33862 | Abyss:1  | Killed a tentacled starspawn
 33863 | Abyss:1  | Killed a tentacled starspawn
 33867 | Abyss:1  | HP: 5/146 [smoke demon/divine providence (10)]
 33869 | Abyss:1  | Killed from afar by a starcursed mass

Action                   |  1- 3 |  4- 6 |  7- 9 | 10-12 | 13-15 | 16-18 || total
-------------------------+-------+-------+-------+-------+-------+-------++-------
Melee: War axe           |    76 |   119 |   337 |   624 |   240 |       ||  1396
       Broad axe         |       |       |       |       |   570 |    60 ||   630
Throw: Stone             |    53 |   109 |   187 |    57 |   148 |    30 ||   584
       Tomahawk          |       |     6 |   106 |    77 |   125 |       ||   314
       Javelin           |       |       |       |   226 |   294 |       ||   520
Invok: Heroism           |       |       |     7 |    22 |    19 |     2 ||    50
       Finesse           |       |       |       |     3 |     6 |       ||     9
 Abil: Breathe Fire      |       |       |       |    16 |    94 |     5 ||   115
Evoke: Wand              |       |     1 |     4 |    18 |    18 |     1 ||    42
  Use: Potion            |     8 |       |     7 |    11 |     3 |       ||    29
       Scroll            |     2 |     3 |    12 |     4 |    11 |       ||    32
 Stab: Distracted        |     1 |       |       |       |       |       ||     1
  Eat: Chunk             |     4 |     8 |    17 |    24 |    36 |       ||    89
       Bread ration      |       |       |     1 |     3 |     5 |     1 ||    10

Vault maps used:
D:1:      denvon_arrival_waterhouse, bh_walls_and_bars
D:2:      nicolae_dithmenos_through_a_glass_darkly
D:3:      grunt_temple_overflow_gold_and_silver, nicolae_overflow_crystal_walls,
          uniq_iyjb, uniq_robin
D:4:      nicolae_overflow_hidden_temple, gammafunk_temple_overflow_statue
D:5:      kennysheep_mini, minmay_temple_entry_statues_pillars, first_bread,
          nicolae_elemental_shop, uniq_crazy_yiuf_cottage
D:6:      grunt_temple_overflow_growth_and_decay
D:7:      lemuel_doored_altar
D:8:      kennysheep_mini_moat, dpeg_lair_monsters, hangedman_pestilent_swarm
D:9:      serial_shops, shop_scrolls, basic_altar, uniq_blork_the_orc,
          uniq_prince_ribbit1
D:10:     kennysheep_town, uniq_erica, uniq_maurice, uniq_gastronok
D:11:     erik_orc_4, serial_shops, shop, uniq_psyche, uniq_erolcha,
          uniq_josephine, uniq_nessos
D:12:     evilmike_ruin_ashenzari, uniq_sonja
Temple:   nicolae_temple_figure_zero
Lair:1:   eino_small_chamber_without_monster, ice2_lemuel
Lair:2:   grunt_megastairs_3
Lair:3:   minmay_snake_entry_six_corridors, serial_bayou_pond_c, uniq_harold,
          uniq_rupert
Lair:4:   beast_lair_carwin_11
Lair:5:   minmay_shoals_entry_lonely_mermaid, lemuel_centaur_altar, uniq_maud
Lair:6:   bobbens_ice_dragon_lair, infiniplex_staircase_pool
Lair:7:   slime_altar_2, lemuel_fruit_tree
Lair:8:   minmay_lair_end_enchanted_forest
